 Dungeon Crawl Stone Soup version 0.30.1-11-g7821555f0a (webtiles) character file.

Game seed: 16589035103703128884

164 Eitelfritz the Sneak (level 5, -7/29 HPs)
             Began as a Kobold Enchanter on Nov 24, 2023.
             Was an Initiate of Fedhas.
             Mangled by an orc warrior (10 damage)
             ... on level 4 of the Dungeon.
             The game lasted 00:11:33 (3191 turns).

Eitelfritz the Sneak (Kobold Enchanter)             Turns: 3191, Time: 00:11:34

Health: -7/29      AC:  3    Str:  8    XL:     5   Next: 73%
Magic:  3/8        EV: 15    Int: 16    God:    Fedhas [......]
Gold:   152        SH:  0    Dex: 15    Spells: 1/9 levels left

rFire   . . .        a - +1 dagger
rCold   + . .        (no shield)
rNeg    . . .        g - +0 robe
rPois   .            (no helmet)
rElec   .            j - +0 cloak
rCorr   .            (no gloves)
SInv    .            (no boots)
Will    .....        (no amulet)
Stlth   ++++         u - ring of protection from cold
HPRegen 0.24/turn    (no ring)
MPRegen 0.11/turn

%: no passive effects
@: no status effects
A: small, no large weapons, nightstalker 3
a: Renounce Religion


You were on level 4 of the Dungeon.
You worshipped Fedhas.
Fedhas was noncommittal.
You visited 1 branch of the dungeon, and saw 4 of its levels.

You collected 152 gold pieces.

Inventory:

Hand Weapons
 a - a +1 dagger (weapon)
 b - a +0 short sword
 q - a +0 heavy sling
Missiles
 n - 20 stones (quivered)
 s - 7 poisoned darts
Armour
 g - a +0 robe (worn)
 j - a +0 cloak (worn)
Jewellery
 e - an amulet of guardian spirit
 u - a ring of protection from cold (left hand)
 v - a ring of protection from fire
Wands
 r - a wand of quicksilver (10)
Scrolls
 d - a scroll of teleportation {unknown}
 f - a scroll of magic mapping {unknown}
 h - a scroll of blinking {unknown}
 k - 3 scrolls of identify {unknown}
 l - 2 scrolls of poison {unknown}
 x - a scroll of fog {unknown}
 y - a scroll of vulnerability {unknown}
Potions
 c - 2 potions of invisibility
 i - a potion of berserk rage {unknown}
 m - a potion of degeneration {unknown}
 o - a potion of mutation {unknown}
 p - a potion of cancellation {unknown}
 t - 2 potions of haste {unknown}
 w - 2 potions of heal wounds {unknown}


   Skills:
 + Level 1.3 Fighting
 + Level 3.1 Short Blades
 + Level 2.9 Dodging
 + Level 6.2 Stealth
 + Level 2.5 Spellcasting
 + Level 3.4 Hexes
 + Level 0.6 Ice Magic


You had one spell level left.
You knew the following spells:

 Your Spells              Type           Power      Damage    Failure   Level
a - Ensorcelled Hibernat  Hex/Ice        16%        N/A       13%         2
b - Confusing Touch       Hex            13%        N/A       14%         3
c - Tukima's Dance        Hex            13%        N/A       14%         3

Your spell library contained the following spells:

 Spells                   Type           Power      Damage    Failure   Level
 Dazzling Flash           Conj/Hex       14%        N/A       28%         3


Dungeon Overview and Level Annotations

Branches:
Dungeon (4/15)
 Temple: D:4-7

Altars:
Fedhas


Innate Abilities, Weirdness & Mutations

You are small and have problems with some larger weapons.
You are completely attuned to the shadows.


Message History

The spell is quite dangerous to miscast (14% risk of failure)!
Continue anyway?
Aiming: Tukima's Dance (quite dangerous; 14% risk of failure)
Press: ? - help, Shift-Dir - straight line, f - orc warrior
Aim: an orc warrior, wielding a +0 long sword and wearing a +0 plate armour (chance to affect: 47%)
The +0 long sword dances into the air!
The orc warrior completely misses you.
Casting: Tukima's Dance (quite dangerous; 14% risk of failure)
Confirm with . or Enter, or press ? or * to list all spells.
Aiming: Ensorcelled Hibernation (safe; 13% risk of failure)
Press: ? - help, Shift-Dir - straight line, f/p - orc warrior
Aim: an orc warrior, wearing a +0 plate armour (ally target, chance to affect: 41%)
The orc warrior resists with some effort.
A hound comes into view.
The orc warrior hits you!
Something bites your +0 long sword.
Something bites your +0 long sword.
Something bites your +0 long sword but does no damage.
Casting: Ensorcelled Hibernation (safe; 13% risk of failure)
Confirm with . or Enter, or press ? or * to list all spells.
Aiming: Ensorcelled Hibernation (safe; 13% risk of failure)
Press: ? - help, Shift-Dir - straight line, f/p - orc warrior
Aim: an orc warrior, wearing a +0 plate armour (chance to affect: 41%)
The orc warrior resists with some effort.
The orc warrior hits you.
* * * LOW HITPOINT WARNING * * *
The orc warrior barely misses you.
The orc warrior attacks as you move away!
The orc warrior barely misses you.
Found a +0 club.
Something bites your +0 long sword.
The orc warrior attacks as you move away!
The orc warrior misses you.
You see here a +0 club.
The orc warrior attacks as you move away!
The orc warrior closely misses you.
The orc warrior attacks as you move away!
The orc warrior hits you.
* * * LOW HITPOINT WARNING * * *
The orc warrior attacks as you move away!
The orc warrior hits you!
You die...
Fedhas appreciates your contribution to the ecosystem.

#(# ####.# #.# #.. .
#.######.# .#
#...(..#.####.##
######.#..##...##
#)...(..(....#
#.#.##.##....####
####.#.......oo.....
#.........#####@###
#†#####...# #.# ##.# #...##
#.. ...# #..... .... ...#
#†.#.# #..## ##.#####..#.#
#..# #........#.# #..#
#.#.##....####..#
#.............###############


You could see an orc warrior (ally target), an orc wizard and a friendly +0 long
sword.

Vanquished Creatures
  2 orc priests (D:3)
  3 adders (D:2)
  4 dart slugs
  6 orcs
  8 ball pythons
  A bat (D:1)
  7 endoplasms
  3 giant cockroaches
  4 hobgoblins
  2 jackals (D:1)
  6 quokkas
  4 frilled lizards
  3 goblins
  7 kobolds
  6 rats
66 creatures vanquished.

Notes
Turn   | Place    | Note
-------+----------+-------------------------------------------
     0 | D:1      | Eitelfritz the Kobold Enchanter began the quest for the
                  | Orb.
     0 | D:1      | Reached XP level 1. HP: 10/10 MP: 3/3
    63 | D:1      | Reached XP level 2. HP: 15/15 MP: 5/5
    66 | D:1      | Learned a level 2 spell: Ensorcelled Hibernation
   602 | D:1      | Reached XP level 3. HP: 15/19 MP: 6/6
  1220 | D:2      | Reached XP level 4. HP: 24/24 MP: 7/7
  1244 | D:2      | Reached skill level 1 in Fighting
  1279 | D:2      | Reached skill level 5 in Stealth
  1554 | D:2      | Learned a level 3 spell: Confusing Touch
  2260 | D:3      | Reached XP level 5. HP: 29/29 MP: 3/8
  2528 | D:3      | Found a blossoming altar of Fedhas.
  2652 | D:3      | Became a worshipper of Fedhas Madash
  2718 | D:4      | Noticed an orc warrior
  2723 | D:3      | Reached skill level 6 in Stealth
  2744 | D:3      | Learned a level 3 spell: Tukima's Dance
  3191 | D:4      | Mangled by an orc warrior

Illustrated notes

Levels and vault maps discovered:
D:1:      lemuel_arrival_funnel, layout_loops_ring
D:2:      layout_rooms, st_stairs_12
D:3:      layout_loops_ring, fedhas_altar_4, amcnicky_mini_rare_corridor_liquid,
          serial_bayou_pond_d, roderic_serpentine_path
D:4:      layout_loops_ring, nicolae_qazlal_general_emergency, serial_shops,
          shop, shop, nicolae_book_shop_shelving

Skill      XL: |  1  2  3  4  5 |
---------------+----------------+-----
Short Blades   | 2 3 |  3.1
Fighting       | 1 |  1.3
Stealth        | 5 6 |  6.2
Dodging        | |  2.9
Spellcasting   | |  2.5
Hexes          | |  3.4
Ice Magic      | |  0.6

Action                     |  1- 3 |  4- 6 || total
---------------------------+-------+-------++-------
  Melee: Dagger            |    34 |    56 ||    90
         Short sword       |    26 |       ||    26
   Cast: Ensorcelled Hiber |     2 |    24 ||    26
         Tukima's Dance    |       |     1 ||     1
   Stab: Sleeping          |    24 |    30 ||    54
         Distracted        |       |     1 ||     1
 Armour: Robe              |     7 |     4 ||    11
  Dodge: Dodged            |    23 |    38 ||    61
